Cogmind - Beta 13 @@@ ROGUE MODE // 2024.06.12 @ 22:15:11 Player: Hans Gruber Result: Self-destructed Performance ------------- Evolutions (1) 500 Regions Visited (2) 400 Robots Destroyed (19) 95 Value Destroyed (300) 300 Prototype IDs (0) 0 Alien Tech Used (0) 0 Bonus (0) 0 TOTAL SCORE: 1295 Bonus ------- None Cogmind --------- Core Integrity 284/400 Matter 268/300 Energy 68/100 System Corruption 0% Temperature Cool (8) Movement Core (300) Ox5 Location -9/Materials Parts ------- > --- POWER (1) -------- (None) > --- PROPULSION (3) --- (None) > --- UTILITY (3) ------ Heat Sink Medium Storage Unit > --- WEAPON (2) ------- Particle Cannon Assault Rifle > --- INVENTORY (10) --- Ion Engine Wheel Wheel Terrain Scan Processor Hardened Light Armor Plating Reflective Plating Hardlight Generator Particle Cannon Peak State ------------ > --- POWER ------------ Ion Engine > --- PROPULSION ------- Wheel Wheel Wheel > --- UTILITY ---------- Heat Sink Medium Storage Unit Hardened Light Armor Plating > --- WEAPON ----------- Particle Cannon Light Cannon > --- INVENTORY -------- Ion Engine Wheel Wheel Terrain Scan Processor Reflective Plating Hardlight Generator Medium Laser Particle Cannon Assault Rifle Datajack [Rating: 12] Favorites ----------- Power Ion Engine Engine Ion Engine Propulsion Wheel Wheel Wheel Utility Medium Storage Unit Device Improved Terrain Scanner Storage Medium Storage Unit Protection Hardened Light Armor Plating Weapon Medium Laser Energy Gun Medium Laser Energy Cannon Particle Cannon Ballistic Gun Assault Rifle Ballistic Cannon Light Cannon Build | -11 -10 -9 ------- Run | Yrd Mat Mat Slots Evolved 2 | . . 2 Power . | . . . Propulsion 1 | . . 1 Utility 1 | . . 1 Weapon . | . . . Parts Attached 17 | 7 5 5 Power 2 | 2 . . Engine 2 | 2 . . Core . | . . . Reactor . | . . . Propulsion 3 | 2 . 1 Treads . | . . . Leg . | . . . Wheel 3 | 2 . 1 Hover . | . . . Flight . | . . . Utility 5 | 1 2 2 Device 2 | . 1 1 Storage 2 | 1 1 . Processor . | . . . Hackware . | . . . Protection 1 | . . 1 Artifact . | . . . Weapon 7 | 2 3 2 Energy Gun 2 | 2 . . Energy Cannon 1 | . . 1 Ballistic Gun 3 | . 2 1 Ballistic Cannon 1 | . 1 . Launcher . | . . . Special Weapon . | . . . Impact Weapon . | . . . Slashing Weapon . | . . . Piercing Weapon . | . . . Special Melee Weapon . | . . . Unidentified Prototypes . | . . . Parts Lost 7 | . 1 6 Power 1 | . . 1 Propulsion 3 | . . 3 Utility 2 | . 1 1 Weapon 1 | . . 1 Highest Loss Streak 6 | . 1 6 To Critical Strikes . | . . . Average Slot Usage (%) 95 | . 99 88 Engine 12 | . 14 10 Wheel 28 | . 28 29 Device 11 | . 13 8 Storage 12 | . 14 11 Protection 2 | . . 6 Energy Gun 8 | . 14 . Energy Cannon 3 | . . 8 Ballistic Gun 9 | . 13 3 Ballistic Cannon 4 | . . 10 Naked Turns . | . . . Heaviest Build 28 | 13 20 28 Greatest Support 30 | 20 20 30 Greatest Overweight (x) 2 | . . 2 Average Overweight (x) . | . . . Largest Inventory Capacity 10 | 8 10 10 Average Capacity 9 | 7 8 10 Most Carried 10 | 6 9 10 Average Carried 7 | 3 7 9 Final Capacity 10 | 8 10 10 Final Carried 9 | 6 9 8 Class Distribution -------------------- 100% | Mutant Dominant Class ---------------- Mutant | -10/Materials Mutant | -9/Materials Resources | -11 -10 -9 ----------- Run | Yrd Mat Mat Matter Collected 423 | 270 89 64 Remotely . | . . . Salvage Created 523 | 93 327 103 Parts 34 | 8 19 7 Haulers Intercepted . | . . . Recyclers Shooed 2 | . 2 . Parts Field Recycled . | . . . Retrieved Matter . | . . . Parts Self-Destructed . | . . . Prevented . | . . . Kills | -11 -10 -9 ------- Run | Yrd Mat Mat Combat Hostiles Destroyed 9 | . 6 3 Guns 6 | . 6 . Cannons 3 | . . 3 Classes Destroyed 8 | 1 6 1 Worker 1 | . 1 . Builder 1 | . 1 . Tunneler 5 | 5 . . Recycler 1 | . 1 . Watcher 2 | . 1 1 Swarmer 4 | . 2 2 Grunt 4 | . 4 . Sentry 1 | . . 1 Best Kill Streak 7 | 5 7 2 Combat Bots Only 2 | . 2 2 Max Kills in Single Turn 1 | 1 1 1 Gunslinging . | . . . Exploded . | . . . Melee . | . . . Uniques/NPCs Destroyed . | . . . Combat | -11 -10 -9 -------- Run | Yrd Mat Mat Hostile Shots Fired 134 | . 22 112 Missed 31 | . 5 26 Damage Taken 894 | . 169 725 Core 146 | . 30 116 Absorbed by Shields . | . . . Core Remaining (%) 94 | 100 88 . Volleys Fired 61 | 15 24 22 Largest 2 | 2 2 2 Hottest 103 | 90 70 103 Shots Fired 120 | 30 48 42 Gun 82 | 30 48 4 Cannon 38 | . . 38 Launcher . | . . . Special . | . . . Kinetic 44 | . 24 20 Thermal 76 | 30 24 22 Explosive . | . . . Electromagnetic . | . . . Robot Hit Streak 18 | 6 18 8 Robot Miss Streak 5 | 5 4 3 Penetration Max . | . . . Secondary Targets 2 | . 2 . Max Gunslinging Chain 1 | . 1 . Shots Hit Robots 63 | 16 29 18 Core Hits 26 | 5 17 4 Critical Kills . | . . . Critical Parts Destroyed . | . . . Critical Strikes 4 | 2 2 . Burn 4 | 2 2 . Melee Attacks . | . . . Impact . | . . . Slashing . | . . . Piercing . | . . . Sneak Attacks . | . . . Combat Hostiles . | . . . Follow-up Attacks . | . . . Damage Inflicted 1020 | 202 379 439 Guns 604 | 202 379 23 Cannons 416 | . . 416 Explosions . | . . . Melee . | . . . Ramming . | . . . Kinetic 284 | . 151 133 Thermal 736 | 202 228 306 Explosive . | . . . Electromagnetic . | . . . Impact . | . . . Slashing . | . . . Piercing . | . . . Highest Corruption . | . . . Average Corruption . | . . . Corruption Purged . | . . . Corruption Blocked . | . . . Overload Shots . | . . . Overflow Damage 1 | . . 1 Projectiles 1 | . . 1 Explosions . | . . . Melee . | . . . Knockbacks 3 | . . 3 Impact . | . . . Kinetic 3 | . . 3 Secondary . | . . . Self-Inflicted Damage . | . . . Shots . | . . . Rammed . | . . . Targets Rammed . | . . . Kicked . | . . . Crushed . | . . . Highest Temperature 180 | 180 70 147 Average Temperature 51 | 71 26 60 Received Heat Transfer 84 | . 66 18 Siege Activations . | . . . Robots Corrupted . | . . . Combat Hostiles . | . . . Parts Fried . | . . . Impact Corruptions . | . . . Robots Melted . | . . . Combat Hostiles . | . . . Parts Melted 7 | 4 2 1 Heat Transferred 2062 | 693 814 555 Parts Sabotaged . | . . . Parts Stolen . | . . . Parts Stripped . | . . . Power Chain Reactions . | . . . Alert | -11 -10 -9 ------- Run | Yrd Mat Mat Peak Influence 182 | 25 182 101 Initial 16 | . 16 14 Average 56 | 9 84 30 Maximum Alert Level . | . . . Low Security (%) 100 | 100 100 100 Level 1 . | . . . Level 2 . | . . . Level 3 . | . . . Level 4 . | . . . Level 5 . | . . . High Security . | . . . Max Security . | . . . Squads Dispatched 2 | . 2 . Investigation 1 | . 1 . Extermination . | . . . Reinforcement 1 | . 1 . Assault . | . . . Garrison . | . . . Intercept . | . . . Searches Triggered . | . . . Construction Impeded . | . . . Haulers Reinforced . | . . . Active Scanning Responses . | . . . Cargo Convoy Interrupts . | . . . Stealth | -11 -10 -9 --------- Run | Yrd Mat Mat Distress Signals 2 | . 1 1 Communications Jammed . | . . . Distress Signals . | . . . Times Spotted 20 | . 11 9 Peak Tracking Total 7 | . 3 7 Tactical Retreats . | . . . Traps | -11 -10 -9 ------- Run | Yrd Mat Mat Traps Triggered 1 | . 1 . Indirectly . | . . . Trap Hack Attempts . | . . . Triggered . | . . . Disarmed . | . . . Reprogrammed . | . . . Reused . | . . . Traps Extracted . | . . . Installed . | . . . Triggered . | . . . Machines | -11 -10 -9 ---------- Run | Yrd Mat Mat Machines Disabled . | . . . Max in Single Turn . | . . . Machines Repaired . | . . . Machines Dismantled . | . . . Machines Sabotaged . | . . . Overloaded Fab Kills . | . . . Hacking | -11 -10 -9 --------- Run | Yrd Mat Mat Machines Accessed 2 | . 1 1 Terminals 2 | . 1 1 Fabricators . | . . . Repair Stations . | . . . Recycling Units . | . . . Scanalyzers . | . . . Garrison Access . | . . . Total Hacks 6 | . 4 2 Successful 3 | . 2 1 Failed 3 | . 2 1 Catastrophic . | . . . Database Lockouts . | . . . Manual . | . . . Terminals 6 | . 4 2 Fabricators . | . . . Repair Stations . | . . . Recycling Units . | . . . Scanalyzers . | . . . Garrison Access . | . . . Terminal Hacks 3 | . 2 1 Robot Analysis 2 | . 2 . Alert Level 1 | . . 1 Fabricator Hacks . | . . . Repair Station Hacks . | . . . Recycling Unit Hacks . | . . . Scanalyzer . | . . . Garrison Access Hacks . | . . . Unauthorized Hacks . | . . . Terminals . | . . . Fabricators . | . . . Repair Stations . | . . . Recycling Units . | . . . Scanalyzers . | . . . Garrison Access . | . . . Data Cores Recovered . | . . . Used . | . . . Hacking Detections 2 | . 1 1 Full Trace Events . | . . . Feedback Events . | . . . Feedback Blocked . | . . . Robot Schematics Acquired . | . . . Robots Built . | . . . Authchips . | . . . Time . | . . . Total Robot Build Rating . | . . . Part Schematics Acquired . | . . . Parts Built . | . . . Authchips . | . . . Time . | . . . Total Part Build Rating . | . . . Parts Repaired . | . . . Time . | . . . Parts Recycled . | . . . Recycled Matter . | . . . Retrieved Matter . | . . . Retrieved Components . | . . . Parts Scanalyzed . | . . . Part Schematics Acquired . | . . . Parts Damaged . | . . . Bothacking | -11 -10 -9 ------------ Run | Yrd Mat Mat Used RIF Installer . | . . . Robots Hacked . | . . . Non-combat . | . . . Combat . | . . . Robot Hacks Applied . | . . . Relay Couplers Released . | . . . Fabnet Peak Effective % . | . . . Robots Rewired . | . . . Allies Hacked . | . . . Hacks Repelled . | . . . Allies | -11 -10 -9 -------- Run | Yrd Mat Mat Total Allies . | . . . Largest Group . | . . . Highest-Rated Group . | . . . Highest-Rated Ally . | . . . Total Orders . | . . . Ally Attacks . | . . . Total Damage . | . . . Kills . | . . . Allies Corrupted . | . . . Allies Melted . | . . . Intel | -11 -10 -9 ------- Run | Yrd Mat Mat Robot Analysis Total 2 | . 2 . Derelict Logs Recovered . | . . . Drone Launches . | . . . Drone Recoveries . | . . . Exploration | -11 -10 -9 ------------- Run | Yrd Mat Mat Turns Passed 887 | 123 472 292 Spaces Moved 720 | 75 377 268 Core 1 | 1 . . Treads . | . . . Legs . | . . . Wheels 719 | 74 377 268 Hover . | . . . Flight . | . . . Fastest Speed 50 | 50 80 80 Average Speed 80 | 79 80 80 Slowest Speed 110 | 80 80 110 Overloaded Moves . | . . . Propulsion Burnouts . | . . . Robots Hopped . | . . . Cave-ins Triggered . | . . . Exploration Rate (%) 23 | 4 44 23 Regions Visited 2 Branch Regions . Pre-discovered Areas . | . . . Known Exits Taken . | . . . Unknown Exits Taken 2 | 1 1 . Scrap Searched . | . . . Spaces Dug . | . . . Terrain Destroyed . | . . . Melee . | . . . Projectile . | . . . AOE . | . . . Terrain Rammed . | . . . Walls Destroyed . | . . . Machines Disabled . | . . . Actions | -11 -10 -9 --------- Run | Yrd Mat Mat Total 910 | 105 502 303 Wait 89 | . 89 . Move 718 | 74 376 268 Hop . | . . . Pick Up 17 | 7 5 5 Fast Attach 7 | 6 . 1 Attach 4 | . 1 3 Detach . | . . . Swap 6 | 1 4 1 Drop 8 | 2 3 3 Fire 61 | 15 24 22 Melee . | . . . Ram . | . . . Kick . | . . . Crush . | . . . Escape Stasis . | . . . Rewire . | . . . Trap . | . . . Miscellaneous . | . . . Route ------- -11/Scrapyard -10/Materials (discovered 3 exits: *Mat / [*Min x2]) -9/Materials (discovered 1 exit: [*Sto]) History --------- Turn | Location | Event 16 | -11/Scrapyard | Discovered new exit (range 16) 124 | -11/Scrapyard | Entered Materials 284 | -10/Materials | Discovered new exit (range 5) 313 | -10/Materials | Build established: Mutant 399 | -10/Materials | Discovered new exit (range 10) 495 | -10/Materials | Discovered new exit (range 16) 596 | -10/Materials | Entered another Materials area 596 | -9/Materials | Evolved 2 slots: Propulsion x1, Utility x1 634 | -9/Materials | Discovered new exit (range 3) 888 | -9/Materials | Self-destructed Last Messages --------------- 00816_ R-06 Scavenger collects Lgt. Treads. 00835_ Connecting with Terminal... >>Alert(Check) Current Alert Level: Low Security 00843_ Destroyed Flight Unit. 00856_ S-10 Pest destroyed. 00862_ S-10 Pest knocked back. 00865_ Destroyed Flight Unit. 00865_ S-10 Pest knocked back. 00868_ Wheel destroyed. 00871_ S-10 Pest knocked back. 00871_ Critical hit (Destroy). 00873_ Ion Engine destroyed. 00874_ Lgt. Cannon destroyed. 00879_ Destroyed Flight Unit. 00881_ R-06 Scavenger collects Lgt. Ion Engine. 00883_ Wheel destroyed. 00883_ Hrd. Light Armor Plating destroyed. 00886_ R-06 Scavenger collects Lgt. Assault Rifle. Map ----- +----------------------------------------------------+ | ?????????????????????????????????????????????????? | | ?????????????????????????????????????????????????? | | ?????????????????????????????????????????????????? | | ?????????????????????????????????????????????????? | | ?????????????????????????????????????????????????? | | ???????????????????????????? ??????????????????? | | ?????????????????????????? ??????????????????? | | ???????????????????????? ????? ????????????? | | ??????????????????????# """" ?????????????? | | ??????????????????????? """" ?????????????? | | ??????????????????????? +??????????? | | ???????????????????????? #??????????? | | ????????????????????????? " ???????????? | | ?????????????????????????# T #???????????? | | ?????????????????????????? " ????????????? | | ?????????????????????????? ?????????????? | | ?????????????????????????? ??????????????? | | ??????????????????########+## ???????????????? | | ??????????????????# # #????????????????? | | ??????????????????# = # ##???????????????? | | ??????????????????# # T#???????????????? | | ??????????????????# """ % a ##???????????????? | | ??????????????????# """%r"""# #????????????????? | | ??????????????????# """ R"# ###########??????? | | ??????????????????# s ss"""# #??????? | | ??????????????????# s s@ # #??????? | | ??????????????????####### ### % """ #??????? | | ????????????????????????##### """"" #??????? | | ???????????????????????????# """"" #??????? | | ???????????????????????????# """"" #??????? | | ???????????????????????????# """ #??????? | | ???????????????????????????# ######## | | ???????????????????####????# ## | | ???????????????????? ???# # """ | | ????????????????????? ??# # "R | | ?????????????????????? !?# %== # """ | | ???????????????????????? # === # | | ????????????????????????? # === # """" | | ?????????????????????????? / + """" | | ???????????????????????????# # """" | | ???????????????????????????# """ # | | ???????????????????????????### """""% % ######## | | ?????????????????????????????# """"" = # """"" | | ?????????????????????????????# """"" + """"" | | ?????????????????????????????# """ # """"" | | ?????????????????????????????# # | | ?????????????????????????????# # | | ?????????????????????????????# # ] | | ?????????????????????????????# # | | ?????????????????????????????# ######## | +----------------------------------------------------+ Best States ------------- Heat Dissipation 38 Energy Generation 10 Energy Capacity 250 Matter Stores 300 Matter Capacity 300 Sight Range 16 Terrain Scan Range 16 Terrain Scan Density 10 Armor Coverage 150 Evasion (%) 44 Item Schematics ----------------- None Robot Schematics ------------------ None Fabricated ------------ Nothing Alien Tech Used ----------------- None Achievements -------------- None Challenges ------------ None Game ------ Seed LauncherChromaticRouter Manual? 0 Play Time 00:18:26 Cumulative 11.1 hours Start 2024.06.12 @ 20:17:57 End 2024.06.12 @ 22:15:11 Sessions 3 Manual Loads 0 Difficulty Rogue Special Mode None Game No. 7 Rogue 7 Adventurer 0 Explorer 0 Win Type - Total 0 Types 0/0/0/0/0/0/0/0/0 Lore% 12 Gallery% 14 Achievement% 15 Wizard Run 0 Options --------- Layout 1 ASCII 0 Keyboard 0 Movement Mouse Keybinds 0 Fullscreen 1 Font 48/Smallcaps Map View 50x35 Zoom Use 0% Tactical HUD 1 Map Filters NONE Filters NONE Steam 1 RUN: b6e1b987-4fc1-4d80-b22d-aa838d3a714b